 Dungeon Crawl Stone Soup version 0.29-a0-40-g8eb35efe60 (webtiles) character file.

Game seed: 6176101772016311358

36414 murtidash the Thaumaturge (level 14, -7/106 HPs)
             Began as a Djinni Cinder Acolyte on Feb 1, 2022.
             Was a High Priest of Ignis.
             Mangled by a komodo dragon (26 damage)
             ... on level 5 of the Lair of Beasts.
             The game lasted 00:37:37 (20201 turns).

murtidash the Thaumaturge (Djinni Cinder Acolyte)  Turns: 20201, Time: 00:37:37

Health: -7/106     AC: 10    Str:  9    XL:     14   Next: 23%
Gold:   1031       EV: 10    Int: 27    God:    Ignis [*****.] SH:  0 Dex:  8

rFire   + + +      SeeInvis .   u - +4 short sword
rCold   x x .      Faith    .   (no shield)
rNeg    . . .      Spirit   .   H - +0 troll leather armour {regen}
rPois   ∞          Reflect  .   y - +2 hat
rElec   .          Harm     .   l - +0 cloak
rCorr   .          Rampage  .   B - +2 pair of gloves
Will    +....                   (boots unavailable)
Stlth   +.........              F - amulet of Unoblinimn {RegenMP +Inv Str-4 Int+5}
HPRegen 1.07/turn               s - ring of wizardry {Wiz+, !d}
MPRegen 0.00/turn               t - ring of fire {rF+, rC-}

@: flying
A: sickness immunity, fire resistance 2, cold vulnerability 1, float, innate
caster, HP casting, extra vitality 1
a: Renounce Religion, Evoke Invisibility, Fiery Armour, Foxfire Swarm, Rising
Flame


You were on level 5 of the Lair of Beasts.
You worshipped Ignis.
Ignis was extremely pleased with you.
You visited 4 branches of the dungeon, and saw 17 of its levels.
You also visited: Bailey.

You collected 1031 gold pieces.

Inventory:

Hand Weapons
 u - a +4 short sword (weapon)
   (You took it off a kobold on level 4 of the Dungeon)
 w - a +0 hand crossbow of flaming
   (You found it in a bailey)
 C - a +4 great sword of venom
   (You found it in a bailey)
Missiles
 E - 121 bolts
Armour
 b - a +0 robe
 l - a +0 cloak (worn)
   (You found it on level 2 of the Dungeon)
 y - a +2 hat (worn)
   (You found it on level 9 of the Dungeon)
 B - a +2 pair of gloves (worn)
   (You found it on level 6 of the Dungeon)
 H - a +0 troll leather armour (worn) {regen}
   (You found it on level 10 of the Dungeon)
Jewellery
 i - a ring of see invisible {sInv, !d}
   (You found it on level 3 of the Lair of Beasts)
 s - a ring of wizardry (left hand) {Wiz+, !d}
   (You found it on level 4 of the Dungeon)
 t - a ring of fire (right hand) {rF+, rC-}
   (You found it on level 4 of the Dungeon)
 F - the amulet of Unoblinimn (around neck) {RegenMP +Inv Str-4 Int+5}
   (You found it on level 7 of the Dungeon)

   [amulet of magic regeneration]

   It increases your rate of magic regeneration.
   Str:       It affects your strength (-4).
   Int:       It affects your intelligence (+5).
   +Inv:      It lets you turn invisible.
Wands
 a - a wand of acid (5)
   (You found it on level 8 of the Dungeon)
 j - a wand of iceblast (26)
   (You found it on level 9 of the Dungeon)
 v - a wand of flame (48)
   (You took it off Natasha on level 4 of the Dungeon)
 x - a wand of digging (8)
   (You found it on level 4 of the Dungeon)
 D - a wand of polymorph (22)
   (You found it on level 6 of the Dungeon)
 J - a wand of mindburst (8)
   (You found it on level 3 of the Lair of Beasts)
Scrolls
 c - 12 scrolls of teleportation
 g - 3 scrolls of fear
 n - 2 scrolls of magic mapping {!r}
 o - 5 scrolls of fog
 q - 7 scrolls of blinking {!r}
 I - 2 scrolls of enchant weapon
Potions
 d - 3 potions of attraction {!q}
 e - a potion of might
 f - 5 potions of brilliance
 m - 5 potions of curing
 p - 2 potions of ambrosia
 r - a potion of resistance
 z - 5 potions of heal wounds
 A - 4 potions of lignification {!q}
 G - 2 potions of haste
 K - a potion of invisibility {unknown}
Miscellaneous
 h - a box of beasts
   (You found it in a bailey)
 k - a phantom mirror
   (You found it on level 4 of the Lair of Beasts)


   Skills:
 + Level 11.9 Fighting
 - Level 2.6 Long Blades
 * Level 14.2 Spellcasting
 - Level 10.0 Evocations


You had 20 spell levels left.
You knew the following spells:

 Your Spells              Type           Power      Damage    Failure   Level
a - Scorch                Fire           100%       2d10      0%          2
c - Summon Mana Viper     Hex/Summ       77%        N/A       1%          5
K - Leda's Liquefaction   Hex/Erth       38%        N/A       1%          4
M - Cause Fear            Hex            38%        N/A       1%          4
U - Confusing Touch       Hex            77%        N/A       1%          3
X - Ensorcelled Hibernat  Hex/Ice        100%       N/A       0%          2
Z - Sting                 Tmut/Pois      100%       1d8       0%          1
Your spell library was empty.

Dungeon Overview and Level Annotations

Branches:
Dungeon (10/15)            Temple (1/1) D:7            Lair (5/6) D:10
  Swamp (1/4) Lair:2       Spider (0/4) Lair:3       Bailey (visited)
  Slime: Lair:5-6       Orc: D:9-12

Altars:
Ashenzari
Cheibriados
Dithmenos
Elyvilon
Fedhas
Gozag
Hepliaklqana
Kikubaaqudgha
Makhleb
Nemelex Xobeh
Okawaru
Qazlal
Ru
Sif Muna
Trog
Uskayaw
Vehumet
Wu Jian
Xom
Yredelemnul
Zin
The Shining One

Annotations:
D:4 1 runed translucent door, greynaab's ghost, amateur FoBe
D:5 2 transporters
D:6 1 runed translucent door, issech's ghost, novice TrMo
Lair:1 1 runed translucent door, Lutem's ghost, journeyman MiFi
Lair:3 2 transporters, Xetequo's ghost, journeyman MiFi


Innate Abilities, Weirdness & Mutations

You are immune to sickness and miasma.
You are immune to poison.
Your flesh is very heat resistant. (rF++)
You are vulnerable to cold. (rC-)
You float through the air rather than walking.
You learn spells naturally, not from books.
Your magical power is your life essence.
You have superior vitality. (+4 MHP)


Message History

You feel a surge of power!
Flames lash the hell rat.
The hell rat's fire resistance burns away.
The queen bee stings you but does no damage.
You take 1 damage, and have 73/106 hp.
You feel a surge of power!
Flames lash the killer bee.
The killer bee's fire resistance burns away.
The queen bee stings you!
You take 13 damage, and have 60/106 hp.
You feel a surge of power!
Flames lash the queen bee.
The queen bee is burned terribly!
You kill the queen bee!
You hear a bellow!
The killer bee misses you.
You take 1 damage, and have 59/106 hp.
You feel a surge of power!
Flames lash the killer bee.
The killer bee is burned terribly!
You kill the killer bee!
You take 1 damage, and have 58/106 hp.
You feel a surge of power!
Flames lash the hell rat.
The hell rat is burned terribly!
You kill the hell rat!
You take 1 damage, and have 57/106 hp.
You can't see any susceptible monsters within range! (Use Z to cast anyway.)
You can't see any susceptible monsters within range! (Use Z to cast anyway.)
You can't see any susceptible monsters within range! (Use Z to cast anyway.)
You can't see any susceptible monsters within range! (Use Z to cast anyway.)
A basilisk comes into view.
You regained 5 hp, and now have 62/106 hp.
You can't see any susceptible monsters within range! (Use Z to cast anyway.)
A yak comes into view.
The yak bellows!
Items here: ) [ ††††††.
You feel a surge of power!
Flames lash the basilisk.
The basilisk's fire resistance burns away.
You take 1 damage, and have 62/106 hp.
You feel a surge of power!
Flames lash the yak.
The yak's fire resistance burns away.
You hear an angry hiss.
The basilisk bites you.
You take 5 damage, and have 57/106 hp.
You feel a surge of power!
Flames lash the yak.
The yak is burned terribly!
You hear an angry hiss.
The basilisk gazes at you. You resist with almost no effort.
You take 1 damage, and have 56/106 hp.
You feel a surge of power!
Flames lash the yak.
The yak is burned terribly!
The yak gores you.
You take 3 damage, and have 54/106 hp.
You feel a surge of power!
Flames lash the yak.
The yak is burned terribly!
You kill the yak!
You hear an angry hiss.
The basilisk is no longer more vulnerable to fire.
The yak gores you!
You take 10 damage, and have 44/106 hp.
You feel a surge of power!
Flames lash the yak.
The yak's fire resistance burns away.
The yak closely misses you.
You take 1 damage, and have 43/106 hp.
You feel a surge of power!
Flames lash the yak.
The yak is burned terribly!
The yak gores you.
You take 3 damage, and have 40/106 hp.
You feel a surge of power!
Flames lash the yak.
The yak barely misses you.
You take 1 damage, and have 39/106 hp.
You feel a surge of power!
Flames lash the komodo dragon.
The komodo dragon's fire resistance burns away.
The yak completely misses you.
You take 1 damage, and have 38/106 hp.
You feel a surge of power!
Flames lash the yak.
The yak gores you!
* * * LOW HITPOINT WARNING * * *
You take 8 damage, and have 30/106 hp.
You feel a surge of power!
Flames lash the yak.
The yak is burned terribly!
* * * LOW HITPOINT WARNING * * *
The yak gores you but does no damage.
You take 1 damage, and have 29/106 hp.
You feel a surge of power!
Flames lash the basilisk.
The basilisk's fire resistance burns away.
* * * LOW HITPOINT WARNING * * *
The yak barely misses you.
You take 1 damage, and have 28/106 hp.
You feel a surge of power!
Flames lash the yak.
The yak is burned terribly!
You kill the yak!
* * * LOW HITPOINT WARNING * * *
You take 1 damage, and have 27/106 hp.
A mana viper appears with a sibilant hiss.
* * * LOW HITPOINT WARNING * * *
The komodo dragon barely misses you.
Something closely misses your mana viper.
You take 4 damage, and have 23/106 hp.
You feel a surge of power!
Flames lash the komodo dragon.
The komodo dragon's fire resistance burns away.
* * * LOW HITPOINT WARNING * * *
The komodo dragon bites you.
* * * LOW HITPOINT WARNING * * *
Your mana viper bites the komodo dragon.
Something bites your mana viper!
You take 3 damage, and have 20/106 hp.
You feel a surge of power!
Flames lash the komodo dragon.
The komodo dragon is burned terribly!
* * * LOW HITPOINT WARNING * * *
The komodo dragon bites you!!
You die...

##........#..P#...#...##..#
....#....##..##...#...#....
..##..##..#...###......##.......#
...#..#.......##...#P...##..#...#
..#...........P#...#.P.###..#P...
......P........#...[...##P......#
...P...........#....#...#P...#.^.
..#........#..Sl#.......#P...#...
..P....P..#..Y.#@......#....#...P
..........††..##........#.......#
......#...#...###.......#........
.......................##....P...
.Y........#.................P....
......P...#..................#..#
.....[.#.........(.....##...#...#
......##...............###.......
......................>.##......P


You could see a komodo dragon (combustible, ally target) and a friendly mana
viper (summoned).

Vanquished Creatures
  4 hydras
  A boulder beetle (Lair:4)
  A catoblepas (Lair:4)
  A two-headed ogre (D:10)
  2 death yaks
  5 elephants
  A black mamba (Lair:4)
  A torpor snail (Lair:5)
  9 cane toads
  3 rime drakes
  2 kobold demonologists (D:10)
  7 komodo dragons
  Grinder (D:4)
  A troll (D:10)
  2 meliai (Lair:5)
  A polar bear (Lair:5)
  A queen bee (Lair:5)
  A hornet (D:7)
  8 blink frogs
  Prince Ribbit (D:7)
  A culicivora (Lair:3)
  A spriggan (D:9)
  A shadow (D:10)
  5 wyverns
  21 yaks
  3 basilisks
  A steam dragon (Lair:3)
  9 water moccasins
  An ice beast (D:7)
  7 orc warriors
  2 black bears (Lair:4)
  2 wolves (Lair:5)
  A necrophage (D:6)
  A phantom (D:6)
  5 centaurs
  7 kobold brigands
  10 bullfrogs
  Blork the orc (D:4)
  A scorpion (D:4)
  20 killer bees
  5 wights (D:8)
  An electric eel (Lair:4)
  2 bullfrog zombies
  2 howler monkeys
  3 centaur zombies
  A gnoll shaman (D:6)
  A hound (D:4)
  2 bullfrog skeletons
  2 centaur skeletons
  2 orc priests (D:8)
  Crazy Yiuf (D:5)
  6 jellies
  Jessica (D:2)
  6 iguanas
  Natasha (thrice) (D:4)
  4 orc wizards
  3 scorpion zombies (D:5)
  7 hell rats
  A killer bee zombie (D:8)
  A hound skeleton (D:4)
  7 adders
  7 gnolls
  A river rat (D:10)
  2 shadow imps
  2 white imps
  2 adder skeletons (D:4)
  A worm (D:3)
  4 dart slugs
  27 orcs
  7 endoplasms
  4 giant cockroaches
  10 goblins
  8 hobgoblins
  32 kobolds
  5 quokkas
  14 ball pythons
  3 bats (D:1)
  6 frilled lizards
  A quokka skeleton (D:4)
  12 rats
  A butterfly (D:7)
363 creatures vanquished.

Vanquished Creatures (collateral kills)
  4 hydras
  A two-headed ogre (D:10)
  4 death yaks
  A centaur zombie (D:10)
  2 black mambas
  3 cane toads
  2 komodo dragons (Lair:4)
  A jumping spider (Lair:3)
  A culicivora (Lair:3)
  A water moccasin (Lair:4)
  A kobold brigand (D:10)
  3 killer bees (Lair:5)
  4 hell rats
  2 quokkas (D:10)
30 creatures vanquished.

Vanquished Creatures (others)
  16 fungi
  32 plants
48 creatures vanquished.

Grand Total: 441 creatures vanquished

Notes
Turn   | Place    | Note
-------+----------+-------------------------------------------
     0 | D:1      | murtidash the Djinni Cinder Acolyte began the quest for the
                  | Orb.
     0 | D:1      | Reached XP level 1. HP: 20/20 MP: 0/0
   140 | D:1      | Reached XP level 2. HP: 10/25 MP: 0/0
   287 | D:1      | Reached skill level 3 in Spellcasting
   776 | D:1      | Reached XP level 3. HP: 28/30 MP: 0/0
   776 | D:1      | Learned a level 1 spell: Sting
  1261 | D:2      | Reached XP level 4. HP: 25/35 MP: 0/0
  1507 | D:3      | Reached skill level 4 in Spellcasting
  1726 | D:3      | Reached XP level 5. HP: 28/40 MP: 0/0
  1726 | D:3      | Learned a level 2 spell: Ensorcelled Hibernation
  2718 | D:2      | Noticed Jessica
  2722 | D:2      | Killed Jessica
  2917 | D:2      | Reached XP level 6. HP: 35/46 MP: 0/0
  3731 | D:3      | Reached skill level 5 in Spellcasting
  3774 | D:4      | Noticed Natasha
  3781 | D:4      | Killed Natasha
  4158 | D:4      | Noticed Natasha
  4162 | D:4      | Killed Natasha
  4163 | D:4      | Reached XP level 7. HP: 40/50 MP: 0/0
  4163 | D:4      | Learned a level 3 spell: Confusing Touch
  4180 | D:4      | Noticed Natasha
  4183 | D:4      | Killed Natasha
  4313 | D:4      | Reached skill level 6 in Spellcasting
  4822 | D:4      | Found a runed translucent door.
  4823 | D:4      | Noticed greynaab's ghost (amateur FoBe)
  4847 | D:4      | Noticed Grinder
  4858 | D:4      | Killed Grinder
  4958 | D:4      | Reached XP level 8. HP: 52/56 MP: 0/0
  5037 | D:4      | Noticed Blork the orc
  5044 | D:4      | Killed Blork the orc
  5045 | D:4      | Reached skill level 7 in Spellcasting
  5181 | D:5      | Entered Level 5 of the Dungeon
  5867 | D:5      | Found a transporter.
  5891 | D:5      | Found a transporter.
  6462 | D:5      | Found a runed translucent door.
  6463 | D:5      | Noticed Crazy Yiuf
  6470 | D:5      | Killed Crazy Yiuf
  6594 | D:6      | Reached skill level 4 in Fighting
  6921 | D:6      | Found a runed translucent door.
  7167 | D:6      | Reached XP level 9. HP: 48/63 MP: 0/0
  7167 | D:6      | Learned a level 4 spell: Cause Fear
  7170 | D:6      | Reached skill level 8 in Spellcasting
  7486 | D:6      | Noticed issech's ghost (novice TrMo)
  7559 | D:7      | Reached skill level 5 in Fighting
  7809 | D:7      | Noticed a hornet
  7815 | D:7      | Killed a hornet
  7901 | D:7      | Noticed Prince Ribbit
  7914 | D:7      | Killed Prince Ribbit
  8078 | D:7      | Identified the amulet of Unoblinimn {RegenMP +Inv Str-4
                  | Int+5}
  8285 | D:7      | Reached skill level 9 in Spellcasting
  8285 | D:7      | Reached skill level 1 in Evocations
  8378 | D:7      | Found a staircase to the Ecumenical Temple.
  8390 | Temple   | Entered the Ecumenical Temple
  8950 | D:8      | Found a flagged portal.
  8960 | D:8      | Reached skill level 6 in Fighting
  9164 | Bailey   | Entered a bailey
  9202 | Bailey   | Reached skill level 2 in Evocations
  9323 | Bailey   | Reached XP level 10. HP: 32/72 MP: 0/0
  9642 | Bailey   | HP: 13/73 [kobold brigand (5)]
  9643 | Bailey   | HP: 6/73 [kobold brigand (6)]
 10014 | Bailey   | Found a burning altar of Makhleb.
 10167 | D:8      | Reached skill level 3 in Evocations
 11264 | D:9      | Reached skill level 7 in Fighting
 11825 | D:9      | Reached skill level 10 in Spellcasting
 11825 | D:9      | Reached skill level 4 in Evocations
 12216 | D:10     | Entered Level 10 of the Dungeon
 12507 | D:10     | Found an ornate altar of the Wu Jian Council.
 12707 | D:10     | Noticed a death yak
 12728 | D:10     | Killed a death yak
 12735 | D:10     | Noticed a two-headed ogre
 12739 | D:10     | Noticed a death yak
 12741 | D:10     | Killed a two-headed ogre
 12742 | D:10     | Reached skill level 5 in Evocations
 12742 | D:10     | Reached XP level 11. HP: 35/81 MP: 0/0
 12742 | D:10     | Learned a level 4 spell: Leda's Liquefaction
 12742 | D:10     | Noticed a death yak
 12742 | D:10     | Killed a death yak
 12743 | D:10     | Reached skill level 8 in Fighting
 12748 | D:10     | Killed a death yak
 12759 | D:10     | HP: 11/82 [hell rat (8)]
 13122 | D:9      | Reached skill level 11 in Spellcasting
 13194 | D:10     | Noticed a two-headed ogre
 13201 | D:10     | Killed a two-headed ogre
 13202 | D:10     | Reached skill level 6 in Evocations
 13354 | D:10     | Noticed a sixfirhy
 13649 | D:10     | Found a staircase to the Lair.
 13936 | D:10     | HP: 16/82 [troll (13)]
 14488 | Lair:1   | Entered Level 1 of the Lair of Beasts
 14753 | Lair:1   | Reached skill level 9 in Fighting
 14814 | Lair:1   | Reached XP level 12. HP: 63/89 MP: 0/0
 14929 | Lair:1   | Found a runed translucent door.
 14929 | Lair:1   | Identified the +7 spear of Descent {drain, Fly rC+ Str+4}
 14929 | Lair:1   | Noticed Lutem's ghost (journeyman MiFi)
 14936 | Lair:1   | Noticed a spriggan rider
 14953 | Lair:1   | Noticed a four-headed hydra
 14963 | Lair:1   | Killed a four-headed hydra
 14964 | Lair:1   | Reached skill level 7 in Evocations
 15406 | Lair:2   | Reached skill level 12 in Spellcasting
 15713 | Lair:2   | Found a staircase to the Swamp.
 16142 | Lair:2   | Noticed a seven-headed hydra
 16150 | Lair:2   | Killed a seven-headed hydra
 16406 | Swamp:1  | Entered Level 1 of the Swamp
 16406 | Swamp:1  | Noticed a spriggan druid
 16406 | Swamp:1  | Noticed a bunyip
 16406 | Swamp:1  | Noticed an alligator
 16406 | Swamp:1  | Noticed an alligator
 16407 | Swamp:1  | Noticed an alligator
 16442 | Lair:3   | Found a transporter.
 16462 | Lair:3   | Reached skill level 8 in Evocations
 16512 | Lair:3   | Found a transporter.
 16551 | Lair:3   | Noticed a six-headed hydra
 16611 | Lair:3   | Found a frozen archway.
 16717 | Lair:3   | Reached skill level 10 in Fighting
 17178 | Lair:3   | Reached XP level 13. HP: 89/96 MP: 0/0
 17178 | Lair:3   | Learned a level 5 spell: Summon Mana Viper
 17212 | Lair:3   | Found a hole to the Spider Nest.
 17315 | Lair:3   | Noticed Xetequo's ghost (journeyman MiFi)
 17751 | Lair:4   | Noticed a four-headed hydra
 17762 | Lair:4   | Killed a four-headed hydra
 17798 | Lair:4   | Noticed an eight-headed hydra
 17807 | Lair:4   | Killed an eight-headed hydra
 17851 | Lair:4   | Reached skill level 13 in Spellcasting
 17955 | Lair:4   | Reached skill level 9 in Evocations
 18184 | Lair:4   | Noticed a catoblepas
 18193 | Lair:4   | Noticed a five-headed hydra
 18297 | Lair:4   | Killed a catoblepas
 18355 | Lair:4   | Killed a five-headed hydra
 18412 | Lair:4   | Reached skill level 11 in Fighting
 18497 | Lair:4   | Noticed a boulder beetle
 18508 | Lair:4   | Killed a boulder beetle
 18815 | Lair:4   | Noticed a six-headed hydra
 18821 | Lair:4   | Noticed a five-headed hydra
 18823 | Lair:4   | HP: 11/99 [black mamba (9)]
 19150 | Lair:4   | Killed a five-headed hydra
 19189 | Lair:4   | Killed a six-headed hydra
 19516 | Lair:5   | Reached skill level 10 in Evocations
 19591 | Lair:5   | Reached XP level 14. HP: 69/105 MP: 0/0
 19832 | Lair:5   | Reached skill level 14 in Spellcasting
 19887 | Lair:5   | HP: 13/106 [meliai/divine providence (11)]
 19893 | Lair:4   | HP: 11/106 [killer bee (7)]
 20200 | Lair:5   | HP: 20/106 [komodo dragon (2)]
 20201 | Lair:5   | Mangled by a komodo dragon

Illustrated notes

Levels and vault maps discovered:
D:1:      dpeg_arrival_houses_and_road, layout_rooms
D:2:      layout_rooms, serial_forest, infiniplex_forest_straight_4,
          infiniplex_forest_straight_3, infiniplex_forest_end_2,
          infiniplex_forest_end_double, infiniplex_forest_end_double,
          infiniplex_forest_lined_room_, infiniplex_forest_lined_4_way,
          kennysheep_jessica_study
D:3:      layout_loops_ring, st_stairs_6, minmay_door_square, kennysheep_nub,
          kennysheep_boxes
D:4:      nicolae_cairo_tiling, layout_gridville, ebering_ghost_reflecting_pool,
          st_stairs_12, hangedman_feature_mirror, serial_park_tiny_2,
          uniq_blork_the_orc, uniq_grinder, uniq_natasha
D:5:      gammafunk_wand_slinger, layout_loops_ring, uniq_crazy_yiuf_cottage
D:6:      layout_basic, ebering_ghost_reflecting_pool
D:7:      layout_basic, minmay_temple_entry_butterflies, minivault_23,
          uniq_prince_ribbit1
D:8:      layout_loops_ring, enter_bailey_2
D:9:      layout_roguey, chequers_avenue, minmay_misc_feat_tiny, the_hattery
D:10:     layout_gridville, nzn_wu_jian_contemplation, dpeg_lair_monsters,
          kennysheep_small_square
Temple:   regret_index_temple_sigil_plot
Lair:1:   layout_gridlike, ebering_ghost_funeral_grove
Lair:2:   layout_cave_pods, minmay_swamp_entry_reptiles
Lair:3:   layout_cellular_growth, spider_nest_entry_funnel_web,
          nzn_ghost_randoct, portal_ice_cave_entry_pillars_1,
          infiniplex_staircase_pool_2
Lair:4:   nzn_winding_woodlands_stair_cross [nzn_winding_woodlands_5x15_garden,
          nzn_winding_woodlands_center_garden,
          nzn_winding_woodlands_5x15_parted,
          nzn_winding_woodlands_5x5_closed_star,
          nzn_winding_woodlands_5x5_checkerboard,
          nzn_winding_woodlands_5x15_sidewinder,
          nzn_winding_woodlands_center_triple_pond,
          nzn_winding_woodlands_5x15_lazy_stream], layout_loops_ring
Lair:5:   regret_index_bee_streams, layout_long_grid
Swamp:1:  layout_falls_marsh, evilmike_swamp_ruin_house_5, uniq_nikola,
          uniq_louise

Skill      XL: |  1  2  3  4  5  6  7  8  9 10 11 12 13 14 |
---------------+-------------------------------------------+-----
Spellcasting   | 3 4 5 6 7 9 10 11 12 13 14 | 14.2
Fighting       | 4 6 7 9 10 11 | 11.9
Evocations     | 2 5 6 8 10 | 10.0
Long Blades    | |  2.6

Action                   |  1- 3 |  4- 6 |  7- 9 | 10-12 | 13-15 || total
-------------------------+-------+-------+-------+-------+-------++-------
Melee: Falchion          |    17 |       |       |       |       ||    17
       Short sword       |       |       |     5 |       |       ||     5
       Punch             |       |       |     1 |       |       ||     1
       Great sword       |       |       |       |     1 |       ||     1
 Cast: Scorch            |    30 |    81 |   149 |   374 |   246 ||   880
       Ensorcelled Hiber |       |       |     6 |     2 |       ||     8
       Cause Fear        |       |       |     1 |    12 |     2 ||    15
       Sting             |       |       |       |     3 |       ||     3
       Leda's Liquefacti |       |       |       |     2 |       ||     2
       Summon Mana Viper |       |       |       |       |    33 ||    33
Invok: Fiery Armour      |       |       |       |     1 |     1 ||     2
Evoke: Wand              |       |       |       |     9 |     3 ||    12
       Box of beasts     |       |       |       |     1 |       ||     1
  Use: Scroll            |       |       |     9 |    11 |     5 ||    25
       Potion            |       |       |       |       |     1 ||     1
Armor: Robe              |     5 |     4 |     9 |    51 |       ||    69
       Troll leather arm |       |       |       |    37 |    64 ||   101
Dodge: Dodged            |    21 |    14 |    20 |   133 |    70 ||   258

Table legend: (Time is in decaauts)
 A = Elapsed time spent in this place.
 B = Non-inter-level travel time spent in this place.
 C = Inter-level travel time spent in this place.
 D = Time resting spent in this place.
 E = Time spent auto-exploring this place.
 F = Levels seen in this place.
 G = Mean time per level.
                   A        B        C        D        E       F      G
               +--------+--------+--------+--------+--------+-----+--------+
         Total |  20220 |  19816 |    404 |   1661 |  15593 |  18 | 1123.3 |
       Dungeon |  13176 |  12947 |    229 |    885 |  10908 |  10 | 1317.6 |
        Temple |    361 |    330 |     31 |      0 |    311 |   1 |  361.0 |
          Lair |   5727 |   5583 |    144 |    130 |   4338 |   5 | 1145.4 |
         Swamp |      1 |      1 |      0 |      0 |      0 |   1 |    1.0 |
        Bailey |    953 |    953 |      0 |    646 |     36 |   1 |  953.0 |
               +--------+--------+--------+--------+--------+-----+--------+

Top non-repeatable levels by time:
    D:10: 1656 daAuts
     D:9: 1640 daAuts
  Lair:4: 1584 daAuts
     D:8: 1479 daAuts
     D:4: 1406 daAuts
  Lair:3: 1401 daAuts
     D:2: 1378 daAuts
     D:5: 1341 daAuts
     D:1: 1249 daAuts
  Lair:2: 1159 daAuts
     D:3: 1148 daAuts
     D:6: 975 daAuts
  Bailey: 953 daAuts
     D:7: 901 daAuts
  Lair:1: 801 daAuts

Table legend:
 A = Kills in this place as a percentage of kills in entire the game.
 B = Kills by you in this place as a percentage of kills by you in the entire game.
 C = Kills by friends in this place as a percentage of kills by friends in the entire game.
 D = Other kills in this place as a percentage of other kills in the entire game.
 E = Experience gained in this place as a percentage of experience gained in the entire game.
 F = Experience gained in this place divided by the number of levels of this place that you have seen.
                   A       B       C       D       E      F
               +-------+-------+-------+-------+-------+----------------------
         Total | 100.0 | 100.0 | 100.0 |   N/A | 100.0 | 2890.1
       Dungeon |  58.7 |  61.0 |  30.0 |   N/A |  23.9 | 1241.7
          Lair |  37.2 |  34.5 |  70.0 |   N/A |  74.4 | 7742.4
        Bailey |   4.1 |   4.4 |   0.0 |   N/A |   1.7 | 892.0
               +-------+-------+-------+-------+-------+----------------------
